 Dungeon Crawl Stone Soup version 0.29-a0-275-g389c0b56f3 (webtiles) character file.

Game seed: 10062109974058489733

56 jmlagarto the Shooter (level 3, 0/26 (30) HPs)
             Began as a Hill Orc Hunter on Mar 12, 2022.
             Slain by a necrophage (1 damage)
             ... on level 3 of the Dungeon.
             The game lasted 00:04:59 (1541 turns).

jmlagarto the Shooter (Hill Orc Hunter)             Turns: 1541, Time: 00:05:00

HP:   0/26 (30)     AC:  3    Str: 14    XL:     3   Next: 95%
MP:   3/3           EV: 11    Int: 11    God:
Gold: 48            SH:  0    Dex: 13    Spells: 2/2 levels left

rFire   + + .      SeeInvis .   h - +0 dagger
rCold   + + +      Faith    .   (no shield)
rNeg    . . .      Spirit   .   b - +0 leather armour
rPois   +          Reflect  .   (no helmet)
rElec   +          Harm     .   d - scarf {rC+ rF+}
rCorr   +          Rampage  .   (no gloves)
Will    .....                   (no boots)
Stlth   +.........              (no amulet)
HPRegen 0.08/turn               e - ring of protection from cold
MPRegen 0.08/turn               g - ring of flight

@: resistant, flying, heavily drained
A: no striking features
a: no special abilities


You were on level 3 of the Dungeon.
You visited 1 branch of the dungeon, and saw 3 of its levels.

You collected 48 gold pieces.

Inventory:

Hand Weapons
 a - a +2 shortbow
 h - a +0 dagger (weapon)
Armour
 b - a +0 leather armour (worn)
 d - a scarf of resistance (worn)
Jewellery
 e - a ring of protection from cold (left hand)
 g - a ring of flight (right hand)
Scrolls
 c - a scroll of immolation
Potions
 i - a potion of lignification {unknown}
 k - a potion of magic {unknown}
 l - a potion of mutation {unknown}


   Skills:
 + Level 2.6 Fighting
 + Level 4.7 Bows
 + Level 0.7 Armour
 + Level 1.6 Dodging
 + Level 0.7 Stealth


You had 2 spell levels left.
You didn't know any spells.
Your spell library contained the following spells:

 Spells                   Type           Power      Damage    Failure   Level
 Shock                    Conj/Air       0%         1d3       41%         1
 Swiftness                Air            0%         N/A       80%         3
 Airstrike                Air            0%         N/A       99%         4


Dungeon Overview and Level Annotations

Branches:
Dungeon (3/15)

Altars:


Message History

You hit the necrophage but do no damage.
The necrophage is heavily damaged.
The necrophage misses you.
You completely miss the necrophage.
The necrophage is heavily damaged.
The necrophage closely misses you.
You hit the necrophage but do no damage.
The necrophage is heavily damaged.
The necrophage hits you.
You hit the necrophage but do no damage.
The necrophage is heavily damaged.
The necrophage hits you but does no damage.
Okay, then.
It was a potion of resistance.
You feel protected.
The necrophage hits you but does no damage.
You closely miss the necrophage.
The necrophage is heavily damaged.
The necrophage completely misses you.
You hit the necrophage but do no damage.
The necrophage is heavily damaged.
The necrophage hits you but does no damage.
You hit the necrophage.
The necrophage is severely damaged.
The necrophage hits you.
You feel drained.
* * * LOW HITPOINT WARNING * * *
You closely miss the necrophage.
The necrophage is severely damaged.
The necrophage closely misses you.
You hit the necrophage.
The necrophage is severely damaged.
The necrophage hits you.
* * * LOW HITPOINT WARNING * * *
You closely miss the necrophage.
The necrophage is severely damaged.
The necrophage barely misses you.
You hit the necrophage.
The necrophage is almost destroyed.
The necrophage hits you.
You die...

***,,,,,,** *,****
#....*+*,,***,,,,,
#.#.**,**,,,*,****
#...*,,,*,,,,,*,,,
#..#******,**,*^**
#..#,,,,,*,**,*,*
#..+,,,,,*,,,,,,**
#.#********,,,,,,,
#@#,,,,,,,*,*,****
#n#,,,,,,,+,*,*
#.#,,,,,,,*,,,**
#.#########....***
#..'....J#.....,,,
##.#....?#....,***
#.#######..#.#* #
#..#..†#...#.#**#
##.##.##......,,.


You could see a necrophage.

Vanquished Creatures
  A gnoll (D:1)
  An adder (D:2)
  3 dart slugs
  6 bats
  3 endoplasms
  3 giant cockroaches
  2 goblins
  4 hobgoblins
  2 kobolds (D:1)
  A quokka (D:1)
  2 frilled lizards
  A rat (D:2)
29 creatures vanquished.

Notes
Turn   | Place    | Note
-------+----------+-------------------------------------------
     0 | D:1      | jmlagarto the Hill Orc Hunter began the quest for the Orb.
     0 | D:1      | Reached XP level 1. HP: 18/18 MP: 1/1
   134 | D:1      | Reached skill level 4 in Bows
   134 | D:1      | Reached XP level 2. HP: 14/25 MP: 2/2
   624 | D:1      | Reached XP level 3. HP: 30/30 MP: 3/3
  1513 | D:3      | Noticed a necrophage
  1539 | D:3      | HP: 1/26 [necrophage (5)]
  1541 | D:3      | Slain by a necrophage

Illustrated notes

Levels and vault maps discovered:
D:1:      lightli_arrival_isolated_outpost, layout_basic
D:2:      layout_basic
D:3:      layout_loops_ring, nicolae_overflow_squiral,
          mainiacjoe_overflow_brackets, shapermc_ecumenical_altar_flowoftime,
          minmay_divided_ellipse, uniq_grinder

Skill      XL: |  1 |
---------------+----+-----
Bows           | 4 |  4.7
Fighting       | |  2.6
Armour         | |  0.7
Dodging        | |  1.6
Stealth        | |  0.7

Action                   || total
-------------------------++-------
Melee: Mace              ||    17
       Dagger            ||    40
 Fire: Shortbow          ||    71
  Use: Scroll            ||     3
       Potion            ||     1
Armor: Leather armour    ||    37
Dodge: Dodged            ||    54

Table legend: (Time is in decaauts)
 A = Elapsed time spent in this place.
 B = Non-inter-level travel time spent in this place.
 C = Inter-level travel time spent in this place.
 D = Time resting spent in this place.
 E = Time spent auto-exploring this place.
 F = Levels seen in this place.
 G = Mean time per level.
                   A        B        C        D        E       F      G
               +--------+--------+--------+--------+--------+-----+--------+
         Total |   1569 |   1541 |     28 |      0 |   1272 |   3 |  523.0 |
       Dungeon |   1569 |   1541 |     28 |      0 |   1272 |   3 |  523.0 |
               +--------+--------+--------+--------+--------+-----+--------+

Top non-repeatable levels by time:
     D:1: 765 daAuts
     D:2: 677 daAuts
     D:3: 127 daAuts
